Construct Light Support Kompanie
Construct Mechanized Kompanie
Construct Mechanized Kompanie
Selects Semovente da 75/18 Assault Gun
Marder III Tank Destroyer
Selects Carro Armato M13/40 Light Tank
Selects Bersaglieri Squad
Construct Panzerarmee Kommand
Selects Vehicle Support - Secure Location
Selects Vehicle Support - Force Recon
le.IG 18 Mechanized Group
Semovente da 75/18 Assault Gun
Marder III Tank Destroyer
Semovente da 75/18 Assault Gun
Semovente da 75/18 Assault Gun
Semovente da 75/18 Assault Gun
Semovente da 75/18 Assault Gun
Semovente da 75/18 Assault Gun
Semovente da 75/18 Assault Gun
Selects Italian Combined Arms Battlegroup